 Dungeon Crawl Stone Soup version 0.21-a0-150-gc243083 (webtiles) character file.

49 nikopol the Firebug (level 3, -1/19 HPs)
             Began as a Deep Elf Fire Elementalist on July 26, 2017.
             Slain by a frilled lizard (2 damage)
             ... on level 2 of the Dungeon.
             The game lasted 00:03:35 (1053 turns).

nikopol the Firebug (Deep Elf Fire Elementalist)    Turns: 1053, Time: 00:03:36

Health: -1/19      AC:  2    Str:  5    XL:     3   Next: 53%
Magic:  10/10      EV: 13    Int: 20    God:
Gold:   33         SH:  0    Dex: 15    Spells: 3/9 levels left

rFire    . . .     SeeInvis .   e - +5 dagger
rCold    . . .     Gourm    .   (no shield)
rNeg     . . .     Faith    .   a - +0 robe
rPois    .         Spirit   .   (no helmet)
rElec    .         Reflect  .   (no cloak)
rCorr    .         Harm     .   (no gloves)
MR       .....                  (no boots)
Stlth    ++........             (no amulet)
HPRegen  0.06/turn              (no ring)
MPRegen  0.12/turn              (no ring)

@: no status effects
A: no striking features
a: no special abilities


You were on level 2 of the Dungeon.
You were not hungry.

You visited 1 branch of the dungeon, and saw 2 of its levels.

You collected 33 gold pieces.

Inventory:

Hand Weapons
 e - a +5 dagger (weapon)
Armour
 a - a +0 robe (worn)
Jewellery
 f - an uncursed amulet of the gourmand {unknown}
Scrolls
 d - a scroll of magic mapping {unknown}
 h - a scroll of identify {unknown}
 i - a scroll of fear {unknown}
 k - a scroll of teleportation {unknown}
 l - a scroll of enchant armour {unknown}
 n - 2 scrolls of remove curse {unknown}
Potions
 g - a potion of might {unknown}
 j - a potion of brilliance {unknown}
Books
 b - a book of Flames

   Spells                             Type                      Level
   a - Flame Tongue                   Conjuration/Fire             1
   b - Throw Flame                    Conjuration/Fire             2
   c - Conjure Flame                  Conjuration/Fire             3
   d - Inner Flame                    Hexes/Fire                   3
   e - Sticky Flame                   Conjuration/Fire             4
   f - Fireball                       Conjuration/Fire             5
Comestibles
 c - 2 bread rations
 m - a meat ration
 o - a fruit
 p - a chunk of flesh


   Skills:
 + Level 2.8 Dodging
 + Level 2.6 Stealth
 + Level 3.6 Spellcasting
 + Level 2.2 Conjurations
 + Level 3.8 Fire Magic


You had 3 spell levels left.
You knew the following spells:

 Your Spells              Type           Power        Failure   Level  Hunger
a - Flame Tongue          Conj/Fire      ###..        3%          1    None
b - Throw Flame           Conj/Fire      ###...       5%          2    ##.....
c - Conjure Flame         Conj/Fire      ###.....     11%         3    ###....


Dungeon Overview and Level Annotations

Branches:
Dungeon (2/15)

Altars:
Okawaru

Annotations:
D:2 Sigmund


Message History

The bat barely misses you. The bat closely misses you. The bat misses you.
The bat hits you but does no damage. The bat completely misses you.
The frilled lizard hisses angrily.
The bat barely misses you. The frilled lizard barely misses you.
The bat misses you.
Really walk into that teleport trap?
You enter a teleport trap!
The teleport trap disappears.
Your surroundings seem slightly different.
The bat closely misses you. The bat misses you. The frilled lizard misses you.
The bat misses you. The frilled lizard closely misses you. The bat hits you.
* * * LOW HITPOINT WARNING * * *
The bat closely misses you.
There is a stone staircase leading up here.
Sigmund appears from thin air!
Reactivating autopickup.
The bat hits you but does no damage. The frilled lizard bites you.
You die...

.............#...###.#..#
###.##.#.###.........#..#
#.##.#.###.....######.#
#..............# .#
####...###.....#
#...####.#..######.
#..###....b........ #..#
#.#.#l........
#..###.#)##@######
#......#.##.#
##.#####.##.# #. #.#
#...##.# .## #.# #.####.#
.. #.# #.# #.# #. #.# #.#
#.# ###)###.# #.# #.#
......#.# #.#


You could see a bat and a frilled lizard.

Vanquished Creatures
  An adder (D:2)
  2 dart slugs (D:1)
  2 leopard geckos
  3 giant cockroaches
  7 goblins
  3 hobgoblins
  3 bats
  A frilled lizard (D:1)
  5 kobolds
  7 rats
34 creatures vanquished.

Notes
Turn   | Place    | Note
-------+----------+-------------------------------------------
     0 | D:1      | nikopol the Deep Elf Fire Elementalist began the quest for the Orb.
     0 | D:1      | Reached XP level 1. HP: 10/10 MP: 6/6
   133 | D:1      | Reached XP level 2. HP: 14/15 MP: 1/8
   680 | D:2      | Reached XP level 3. HP: 19/19 MP: 7/10
   684 | D:2      | Learned a level 2 spell: Throw Flame
   688 | D:2      | Learned a level 3 spell: Conjure Flame
   733 | D:2      | Found an iron altar of Okawaru.
   946 | D:2      | Noticed Sigmund
  1053 | D:2      | Slain by a frilled lizard

Vault maps used:
D:1:      elethiomel_arrival_infinity_welcomes_careful_drivers, st_stairs_3
D:2:      grunt_temple_overflow_cloverleaf, first_bread,
          kennysheep_okawaru_gauntlet, uniq_robin, uniq_sigmund

Skill      XL: |  1  2  3 |
---------------+----------+-----
Conjurations   | 2 |  2.2
Dodging        | |  2.8
Stealth        | |  2.6
Spellcasting   | |  3.6
Fire Magic     | |  3.8

Action                   || total
-------------------------++-------
 Cast: Flame Tongue      ||    60
       Conjure Flame     ||     1
Armor: Robe              ||     8
Dodge: Dodged            ||    45
